 Dungeon Crawl Stone Soup version 0.25-a0-42-g6c54e25894 (webtiles) character file.

Game seed: 1347860542771392838, levelgen mode: deterministic

70 Granthy the Skirmisher (level 4, 0/41 HPs)
             Began as a Hill Orc Abyssal Knight on Oct 22, 2019.
             Was a Believer of Lugonu.
             Slain by an ogre
             ... wielding a +0 giant club
              (12 damage)
             ... on level 2 of the Dungeon.
             The game lasted 00:03:03 (1333 turns).

Granthy the Skirmisher (Hill Orc Abyssal Knight)    Turns: 1333, Time: 00:03:03

Health: 0/41       AC:  4    Str: 15    XL:     4   Next: 21%
Magic:  6/6        EV: 11    Int: 12    God:    Lugonu [**....]
Gold:   111        SH:  0    Dex: 10    Spells: 3/3 levels left

rFire    . . .     SeeInvis .   a - +1 hand axe
rCold    . . .     Gourm    .   (no shield)
rNeg     . . .     Faith    .   b - +0 leather armour
rPois    .         Spirit   .   f - +0 helmet (curse)
rElec    .         Reflect  .   (no cloak)
rCorr    .         Harm     .   (no gloves)
MR       .....                  (no boots)
Stlth    +.........             (no amulet)
HPRegen  0.13/turn              (no ring)
MPRegen  0.10/turn              (no ring)

@: no status effects
A: no striking features
a: Depart the Abyss, Bend Space, Renounce Religion


You were on level 2 of the Dungeon.
You worshipped Lugonu.
Lugonu was pleased with you.
You were not hungry.

You visited 1 branch of the dungeon, and saw 2 of its levels.
You visited the Abyss 1 time.

You collected 111 gold pieces.

Inventory:

Hand Weapons
 a - a +1 hand axe (weapon)
Missiles
 g - 87 stones (quivered)
Armour
 b - a +0 leather armour (worn)
 f - a cursed +0 helmet (worn)
Scrolls
 d - a scroll of random uselessness {unknown}
 e - 2 scrolls of remove curse {unknown}
 h - a scroll of fog {unknown}
 i - 3 scrolls of noise {unknown}
 j - a scroll of enchant armour {unknown}
 k - a scroll of identify {unknown}
 l - a scroll of magic mapping {unknown}
Comestibles
 c - a ration


   Skills:
 + Level 4.9 Fighting
 + Level 3.9 Axes
 + Level 2.5 Armour
 + Level 0.9 Dodging
 + Level 2.8 Invocations


You had 3 spell levels left.
You didn't know any spells.
Your spell library was empty.

Dungeon Overview and Level Annotations

Branches:
Dungeon (2/15)

Altars:

Annotations:
D:2 1 runed translucent door, Crazy Yiuf


Message History

The ogre hits you with a +0 giant club!
You hit the ogre.
The ogre is moderately wounded.
The ogre misses you.
You hit the ogre.
The ogre is moderately wounded.
You hit the ogre.
The ogre is heavily wounded.
The ogre hits you with a +0 giant club!
You completely miss the ogre.
The ogre is heavily wounded.
The ogre barely misses you.
You barely miss the ogre.
The ogre is heavily wounded.
The ogre hits you with a +0 giant club!
* * * LOW HITPOINT WARNING * * *
You hit the ogre.
The ogre is severely wounded.
The ogre hits you with a +0 giant club!
You die...

...#.# #.# #### #.#.##
#.# #).. .###....###.#
#... #.......[[...# ...
#####.....#..# #+#
#.........)..# ♣.♣
#.##......#..# ♣♣.
#.##......#..# ♣.
##.O@.#.......# ♣♣
.........#.......# ♣♣.
#.##...#####.....# ♣♣..
.##.....#...##..# ♣...
#.#.....#.......# #...
##
##...##.....###.####...
....#.#..##..#.##
#........
..............#
#####...#
#.##..#......### #####


You could see an ogre.

Vanquished Creatures
  Jessica (D:2)
  2 oozes (D:1)
  3 bats
  A giant cockroach (D:2)
  5 goblins
  5 hobgoblins
  4 jackals (D:2)
  4 kobolds
  A frilled lizard (D:1)
  8 rats
34 creatures vanquished.

Notes
Turn   | Place    | Note
-------+----------+-------------------------------------------
     0 | Abyss:1  | Granthy the Hill Orc Abyssal Knight began the quest for the
                  | Orb.
     0 | Abyss:1  | Reached XP level 1. HP: 19/19 MP: 2/2
    15 | D:1      | Escaped the Abyss
    66 | D:1      | Reached skill level 4 in Fighting
   108 | D:1      | Reached XP level 2. HP: 22/27 MP: 3/3
   313 | D:1      | Reached XP level 3. HP: 29/34 MP: 5/5
   842 | D:2      | Noticed Jessica
   855 | D:2      | Killed Jessica
   973 | D:2      | Reached XP level 4. HP: 40/41 MP: 6/6
  1084 | D:2      | Reached ** piety under Lugonu
  1297 | D:2      | Found a runed translucent door.
  1298 | D:2      | Noticed Crazy Yiuf
  1321 | D:2      | Noticed an ogre
  1333 | D:2      | Slain by an ogre

Levels and vault maps discovered:
D:1:      ebering_trefoil_twist, layout_basic, minmay_heptomino_l4
D:2:      layout_loops_ring, serial_rivers, chequers_serial_rivers_room_a,
          chequers_serial_rivers_micro_e, chequers_serial_rivers_marsh,
          chequers_serial_rivers_small_a, chequers_serial_rivers_small_b,
          uniq_crazy_yiuf_cottage, uniq_jessica

Skill      XL: |  1  2 |
---------------+-------+-----
Fighting       | 4 |  4.9
Axes           | 3 |  3.9
Armour         | |  2.5
Dodging        | |  0.9
Invocations    | |  2.8

Action                   |  1- 3 |  4- 6 || total
-------------------------+-------+-------++-------
Melee: Hand axe          |    76 |    37 ||   113
  Eat: Chunk             |       |     1 ||     1
Armor: Leather armour    |    26 |    10 ||    36
Dodge: Dodged            |    45 |    21 ||    66

Table legend:
 A = Non-vault XP
 B = Vault XP
 C = Vault XP percentage of total XP
 D = Non-vault monster count
 E = Vault monster count
 F = Vault count percentage of total count
                 A         B        C        D         E       F
            +---------+---------+-------+---------+---------+-------
      Total |      58 |      42 |  42.0 |      30 |       4 |  11.8
            +---------+---------+-------+---------+---------+-------
        D:1 |      35 |       5 |  12.5 |      17 |       3 |  15.0
        D:2 |      23 |      37 |  61.7 |      13 |       1 |   7.1
            +---------+---------+-------+---------+---------+-------
